 Dungeon Crawl Stone Soup version 0.31.0-9-g3a7656b989 (webtiles) character file.

Game seed: 8076294299365950292

305 qw the Ducker (level 6, 0/32 HPs)
             Began as a Spriggan Hunter on Feb 3, 2024.
             Slain by Menkaure (4 damage)
             ... on level 5 of the Dungeon.
             The game lasted 00:00:36 (3329 turns).

qw the Ducker (Spriggan Hunter)                     Turns: 3329, Time: 00:00:36

Health: 0/32       AC:  3    Str:  7    XL:     6   Next: 15%
Magic:  7/7        EV: 21    Int: 10    God:
Gold:   278        SH:  0    Dex: 21    Spells: 5/5 levels left

rFire   + . .        a - +1 shortbow
rCold   . . .        (shield currently unavailable)
rNeg    . . .        c - +0 robe
rPois   .            (helmet restricted)
rElec   .            d - +0 cloak
rCorr   .            (gloves unavailable)
SInv    +            (boots unavailable)
Will    +....        (no amulet)
Stlth   ++           g - ring of protection from fire
HPRegen 0.25/turn    (no ring)
MPRegen 0.10/turn

%: no passive effects
@: very quick
A: very small, no large weapons, unfitting armour, see invisible, speed 3
a: no special abilities


You were on level 5 of the Dungeon.
You visited 1 branch of the dungeon, and saw 5 of its levels.

You collected 278 gold pieces.


Innate Abilities, Weirdness & Mutations

You are very small and have problems with some larger weapons.
You are too small for most types of armour.
You have supernaturally acute eyesight. (SInv)
You cover ground extremely quickly. (Speed+++)


   Skills:
 - Level 3.1 Fighting
 + Level 5.5 Ranged Weapons
 - Level 5.5 Dodging
 - Level 1.5 Stealth


You had 5 spell levels left.
You didn't know any spells.
Your spell library was empty.

Inventory:

Hand Weapons
 a - a +1 shortbow (weapon)
Armour
 c - a +0 robe (worn)
 d - a +0 cloak (worn)
Jewellery
 g - a ring of protection from fire (left hand)
Wands
 f - a wand of charming (10)
Potions
 b - a potion of attraction {unknown}
 h - a potion of haste {unknown}

Dungeon Overview and Level Annotations

Branches:
Dungeon (5/15)
 Temple: D:4-7

Altars:
Zin

Annotations:
D:5 Menkaure


Message History

You shoot an arrow.
The arrow hits the orc but does no damage.
You shoot an arrow. The arrow hits the orc!
You kill the orc!
Menkaure casts a spell.
Menkaure seems to speed up.
You shoot an arrow. The arrow hits the orc.
The orc is heavily wounded.
The orc misses you.
You shoot an arrow. The arrow closely misses the orc.
The orc completely misses you.
You shoot an arrow. The arrow closely misses the orc.
The orc completely misses you.
You shoot an arrow. The arrow barely misses the orc.
The orc closely misses you.
You shoot an arrow. The arrow closely misses the orc.
The orc hits you with a +0 club. The orc priest hits you with a +0 club.
You shoot an arrow. The arrow hits the orc!
You kill the orc!
The orc priest hits you with a +0 club.
You shoot an arrow. The arrow hits the orc priest.
The orc priest is moderately wounded.
The orc priest completely misses you.
Menkaure rustles, "It doesn't hurt if you pull your brain out of your nose yourself."
You shoot an arrow. The arrow hits the orc priest!
The orc priest is almost dead.
The orc priest hits you with a +0 club.
You shoot an arrow. The arrow hits the orc priest!
You kill the orc priest!
Menkaure closely misses you.
You shoot an arrow. The arrow hits Menkaure!
Menkaure is heavily damaged.
Menkaure barely misses you.
You shoot an arrow.
The arrow hits Menkaure but does no damage.
Menkaure is heavily damaged.
Menkaure hits you.
You shoot an arrow. The arrow closely misses Menkaure.
Menkaure hits you! Menkaure hits you.
You die...

.......#. .........
......... #........
..## #......
.....##.... ..#
......M).# ......#
#@###........
#..##....... #..
###.## ..#....
....#...####......
####
#......##..##..####..#
####.......#.........#
#....#.####.....#..
#...##....##.#..##..
#.....##..#....#####..


You could see Menkaure (fast).

Vanquished Creatures
  A black bear (D:5)
  A jelly (D:5)
  An orc priest (D:5)
  An iguana (D:4)
  4 adders
  2 dart slugs
  13 orcs
  2 ball pythons (D:1)
  3 bats
  8 endoplasms
  3 giant cockroaches
  5 goblins
  3 hobgoblins
  7 jackals (D:1)
  3 kobolds (D:1)
  5 quokkas
  2 frilled lizards (D:2)
  7 rats
71 creatures vanquished.

Notes
Turn   | Place    | Note
-------+----------+-------------------------------------------
     0 | D:1      | qw the Spriggan Hunter began the quest for the Orb.
     0 | D:1      | Reached XP level 1. HP: 10/10 MP: 2/2
     0 | D:1      | 0 ||| qw: Version: 0.3-a-155-g5e7d8dd
     0 | D:1      | 0 ||| qw: Game counter: 3038
     0 | D:1      | 0 ||| qw: Melee chars always use a shield: true
     0 | D:1      | 0 ||| qw: God list: Okawaru
     0 | D:1      | 0 ||| qw: Allow faded altars: false
     0 | D:1      | 0 ||| qw: Do Orc after clearing Dungeon:15 true
     0 | D:1      | 0 ||| qw: Do second Lair branch before Depths: true
     0 | D:1      | 0 ||| qw: Lair rune preference: random
     0 | D:1      | 0 ||| qw: Goals: Normal
     0 | D:1      | 0 ||| PLANNING D:1-11
   120 | D:1      | Reached skill level 3 in Dodging
   173 | D:1      | Reached XP level 2. HP: 14/14 MP: 3/3
   207 | D:1      | 207 ||| RETREEEEATING.
   209 | D:1      | 209 ||| RETREEEEATING.
   212 | D:1      | 212 ||| RETREEEEATING.
   213 | D:1      | 213 ||| RETREEEEATING.
   214 | D:1      | 214 ||| RETREEEEATING.
   215 | D:1      | 215 ||| RETREEEEATING.
   286 | D:1      | HP: 2/14 [jackal (2)]
   292 | D:1      | Reached XP level 3. HP: 5/18 MP: 4/4
   470 | D:1      | 470 ||| UPGRADING to ring of protection from fire.
   471 | D:1      | 471 ||| READING scroll labelled JUUM NIDAOSEUD.
   471 | D:1      | 471 ||| IDENTIFYING fuming coppery potion
   472 | D:1      | 472 ||| READING scroll labelled XUUSMI CEJYOCH.
   473 | D:1      | 473 ||| DROPPING scroll of butterflies.
   474 | D:1      | 474 ||| DROPPING potion of degeneration.
   582 | D:2      | 582 ||| FLEEEEING.
   583 | D:2      | 583 ||| FLEEEEING.
   584 | D:2      | 584 ||| FLEEEEING.
  1117 | D:2      | 1117 ||| UPGRADING to +0 cloak.
  1122 | D:2      | 1122 ||| READING scroll of identify.
  1122 | D:2      | 1122 ||| IDENTIFYING bubbling brown potion
  1123 | D:2      | 1123 ||| READING scroll labelled OQOZEIXAJI.
  1124 | D:2      | 1124 ||| DROPPING potion of berserk rage.
  1424 | D:3      | 1424 ||| RETREEEEATING.
  1429 | D:3      | Reached XP level 4. HP: 22/22 MP: 5/5
  1712 | D:3      | 1712 ||| READING scroll of identify.
  1712 | D:3      | 1712 ||| IDENTIFYING sedimented orange potion
  1713 | D:3      | 1713 ||| DROPPING potion of ambrosia.
  1892 | D:3      | Found a glowing silver altar of Zin.
  2220 | D:3      | 2220 ||| READING scroll labelled INTOSHR LAUCOS.
  2983 | D:4      | Reached XP level 5. HP: 18/26 MP: 6/6
  3124 | D:4      | 3124 ||| READING scroll labelled TUQIUQ KOKH.
  3124 | D:4      | 3124 ||| ENCHANTING +0 shortbow.
  3125 | D:4      | 3125 ||| READING scroll labelled VAH IZOSHUEBUV.
  3154 | D:5      | Entered Level 5 of the Dungeon
  3154 | D:5      | Noticed a black bear
  3165 | D:5      | Killed a black bear
  3166 | D:5      | Reached skill level 3 in Fighting
  3197 | D:5      | 3197 ||| FLEEEEING.
  3202 | D:5      | 3202 ||| STAIRDANCE
  3236 | D:5      | 3236 ||| STAIRDANCE
  3253 | D:5      | 3253 ||| STAIRDANCE
  3283 | D:5      | Noticed Menkaure
  3297 | D:5      | Reached XP level 6. HP: 32/32 MP: 7/7
  3329 | D:5      | HP: 4/32 [Menkaure (13)]
  3329 | D:5      | Slain by Menkaure

Levels and vault maps discovered:
D:1:      dpeg_arrival_ternary, layout_basic, chequers_serial_rivers_micro_a
D:2:      layout_rooms, serial_forest, infiniplex_forest_straight_5,
          infiniplex_forest_lined_3, infiniplex_forest_lined_room_,
          infiniplex_forest_straight_1, infiniplex_forest_split,
          infiniplex_forest_straight_3, infiniplex_forest_end_2
D:3:      layout_basic, marbit_many_paths, serial_aquarium,
          aquarium_bridge_square [aquarium_subvault_wall,
          aquarium_subvault_wall, aquarium_subvault_balcony,
          aquarium_subvault_bridge], aquarium_window_2, aquarium_window_1,
          aquarium_window_1, aquarium_view_2d, aquarium_balcony_double_4,
          minmay_gold_behind_fungi
D:4:      layout_basic
D:5:      layout_cave_pools, lemuel_doored_altar, uniq_menkaure

Skill      XL: |  1  2  3  4  5 |
---------------+----------------+-----
Dodging        | 3 4 5 |  5.5
Ranged Weapons | 5 |  5.5
Fighting       | 3 |  3.1
Stealth        | |  1.5

Action                     |  1- 3 |  4- 6 || total
---------------------------+-------+-------++-------
   Fire: Shortbow          |   144 |    88 ||   232
    Use: Scroll            |     4 |     4 ||     8
 Armour: Robe              |    26 |    20 ||    46
  Dodge: Dodged            |   102 |    42 ||   144

Table legend:
 A = Non-vault XP
 B = Vault XP
 C = Vault XP percentage of total XP
 D = Non-vault monster count
 E = Vault monster count
 F = Vault count percentage of total count
                 A         B        C        D         E       F
            +---------+---------+-------+---------+---------+-------
      Total |     432 |       4 |   0.9 |      70 |       1 |   1.4
            +---------+---------+-------+---------+---------+-------
        D:1 |      51 |       0 |   0.0 |      28 |       0 |   0.0
        D:2 |      36 |       0 |   0.0 |      14 |       0 |   0.0
        D:3 |      27 |       4 |  12.9 |      11 |       1 |   8.3
        D:4 |      95 |       0 |   0.0 |      10 |       0 |   0.0
        D:5 |     223 |       0 |   0.0 |       7 |       0 |   0.0
            +---------+---------+-------+---------+---------+-------
